 Dungeon Crawl Stone Soup version 0.18.1-50-g88ac8fd (webtiles) character file.

95 Enzo the Shield-Bearer (level 4, -2/27 HPs)
             Began as a Deep Elf Fighter on Oct 29, 2016.
             Slain by Grinder (7 damage)
             ... while paralysed by Grinder
             ... on level 3 of the Dungeon on Nov 1, 2016.
             The game lasted 00:18:58 (2125 turns).

Enzo the Shield-Bearer (Deep Elf Fighter)           Turns: 2125, Time: 00:18:58

Health: -2/27      AC:  7    Str: 14    XL:     4   Next: 39%
Magic:  6/6        EV:  2    Int: 13    God:
Gold:   93         SH:  0    Dex: 14    Spells: 0 memorised, 3 levels left

rFire  . . .     SeeInvis .     a - +0 rapier
rCold  . . .     Gourm    .     b - +0 scale mail
rNeg   . . .     Faith    .     c - +0 shield
rPois  .         Spirit   .     (no helmet)
rElec  .         Dismiss  .     t - +0 cloak
rCorr  .         Reflect  .     (no gloves)
SustAt .         Harm     .     (no boots)
MR     .....                    (no amulet)
Stlth  ..........               (no ring)
                                (no ring)

@: paralysed, not resistant to hostile enchantments, extremely unstealthy
A: no striking features
a: no special abilities


You were on level 3 of the Dungeon.
You were not hungry.

You visited 1 branch of the dungeon, and saw 3 of its levels.

You collected 93 gold pieces.

Inventory:

Hand Weapons
 a - a +0 rapier (weapon)
Missiles
 q - 7 javelins (quivered)
Armour
 b - a +0 scale mail (worn)
 c - a +0 shield (worn)
 t - a +0 cloak (worn)
Scrolls
 d - a scroll of remove curse {unknown}
 h - a scroll of noise {unknown}
 i - 2 scrolls of identify {unknown}
 l - 2 scrolls of blinking {unknown}
 n - 2 scrolls of teleportation {unknown}
 s - a scroll of amnesia {unknown}
Potions
 e - a potion of haste {unknown}
 j - a potion of heal wounds {unknown}
 k - a potion of lignification {unknown}
 m - a potion of invisibility
 o - a potion of mutation {unknown}
 p - a potion of magic {unknown}
Miscellaneous
 r - a plain deck of changes
Comestibles
 f - a bread ration
 g - a meat ration
 u - a slice of pizza


   Skills:
 + Level 2.7 Fighting
 + Level 2.5 Short Blades
 + Level 2.8 Armour
 + Level 2.0 Dodging
 + Level 0.3 Stealth
 + Level 3.1 Shields


You had 3 spell levels left.
You didn't know any spells.

Dungeon Overview and Level Annotations

Branches:
Dungeon (3/15)

Altars:
Cheibriados
Nemelex Xobeh

Annotations:
D:3 Grinder


Message History

You barely miss Grinder. Grinder closely misses you.
Your shield and scale mail prevent you from hitting Grinder.
Grinder gestures at you.
You suddenly lose the ability to move!
Grinder hits you.
You writhe in agony.
Grinder hits you but does no damage. Grinder hits you.
You can move again.
You hit Grinder but do no damage. Grinder hits you.
* * * LOW HITPOINT WARNING * * *
You writhe in agony.
* * * LOW HITPOINT WARNING * * *
Press: ? - help, v - describe, . - travel The floor.
Unknown command.
Things that are here:
a kobold corpse; a quokka corpse Grinder gestures at you.
You suddenly lose the ability to move!
Grinder hits you!
You die...

........).....
####..<###### ..
#........5..# #.#
.....#...####.# #
#.######. ##.## .#
#.#.#.. . ...# .#
#.#.#.# .#### .#
#.....# #. ### 5#
##..@# # ..# .#
#...5####.###.#####.#
##†.#.......<.......#
.####
#..#.##.._.........#
....#
#..#.###...#.#####.#
....## ###..#.#
#####.# .....##
##....#.# #.#
....).#####..####.#
#.#
......)...........#
#.#


You could see Grinder.

Vanquished Creatures
  3 adders (D:2)
  An ooze (D:2)
  3 worms (D:2)
  A dart slug (D:2)
  A ball python (D:1)
  6 bats
  13 goblins
  5 hobgoblins
  3 quokkas
  2 giant newts (D:1)
  7 kobolds
  7 rats
52 creatures vanquished.

Notes
Turn   | Place    | Note
--------------------------------------------------------------
     0 | D:1      | Enzo the Deep Elf Fighter began the quest for the Orb.
     0 | D:1      | Reached XP level 1. HP: 13/13 MP: 3/3
   127 | D:1      | Reached XP level 2. HP: 17/18 MP: 4/4
   525 | D:2      | Reached XP level 3. HP: 7/22 MP: 5/5
   535 | D:2      | HP: 1/22 [ooze (3)]
   537 | D:2      | Reached skill level 1 in Dodging
  1001 | D:2      | Found a sparkling altar of Nemelex Xobeh.
  1447 | D:2      | Reached XP level 4. HP: 12/27 MP: 6/6
  1736 | D:2      | Reached skill level 3 in Shields
  1964 | D:3      | Noticed Grinder
  2064 | D:3      | Found a snail-covered altar of Cheibriados.
  2117 | D:3      | Paralysed by Grinder for 3 turns
  2123 | D:3      | Paralysed by Grinder for 7 turns
  2125 | D:3      | Slain by Grinder

Skill      XL: |  1  2  3  4 |
---------------+-------------+-----
Dodging        | 1 2 |  2.0
Shields        | 3 |  3.1
Fighting       | |  2.7
Short Blades   | |  2.5
Armour         | |  2.8
Stealth        | |  0.3

Action                   |  1- 3 |  4- 6 || total
-------------------------+-------+-------++-------
Melee: Rapier            |   178 |    61 ||   239
Throw: Javelin           |       |     3 ||     3
  Use: Potion            |     2 |       ||     2
 Stab: Invisible         |     1 |       ||     1
  Eat: Chunk             |     2 |     2 ||     4
Armor: Scale mail        |    59 |    22 ||    81
Dodge: Dodged            |    48 |    16 ||    64
Block: Shield            |    63 |    27 ||    90
